 Dungeon Crawl Stone Soup version 0.27-a0-1154-gfdeffcb720 (webtiles) character file.

Game seed: 3954507920367683312

46 DasRunzen the Ducker (level 3, -2/29 HPs)
             Began as a Demigod Gladiator on May 14, 2021.
             Slain by Sigmund
             ... wielding a +2 scythe of flaming
              (3 damage)
             ... on level 3 of the Dungeon.
             The game lasted 00:01:59 (1428 turns).

DasRunzen the Ducker (Demigod Gladiator)            Turns: 1428, Time: 00:01:59

Health: -2/29      AC:  5    Str: 14 (15) XL:     3   Next: 27%
Magic:  6/6        EV: 12    Int: 11 (14) God:
Gold:   61         SH:  0    Dex: 14 (15) Spells: 3/3 levels left

rFire    . . .     SeeInvis .   f - +4 mace
rCold    . . .     Faith    .   (no shield)
rNeg     . . .     Spirit   .   b - +0 leather armour
rPois    +         Reflect  .   c - +0 helmet
rElec    .         Harm     .   e - +0 cloak
rCorr    .         Rampage  .   (no gloves)
Will     .....                  (no boots)
Stlth    +.........             (no amulet)
HPRegen  0.09/turn              a - ring of poison resistance
MPRegen  0.10/turn              (no ring)

@: hasted, very quick
A: high mp 1, forlorn
a: no special abilities


You were on level 3 of the Dungeon.
You visited 1 branch of the dungeon, and saw 3 of its levels.

You collected 61 gold pieces.

Inventory:

Hand Weapons
 f - a +4 mace (weapon)
 j - a +2 long sword of holy wrath
Missiles
 d - 3 throwing nets (quivered)
Armour
 b - a +0 leather armour (worn)
 c - a +0 helmet (worn)
 e - a +0 cloak (worn)
Jewellery
 a - a ring of poison resistance (left hand)
Wands
 l - a wand of polymorph (8)
Scrolls
 h - a scroll of teleportation
 k - a scroll of magic mapping {unknown}


   Skills:
 + Level 2.2 Fighting
 - Level 2.7 Long Blades
 + Level 0.9 Maces & Flails
 - Level 1.7 Throwing
 + Level 1.0 Armour
 + Level 3.0 Dodging
 + Level 0.9 Spellcasting


You had 3 spell levels left.
You didn't know any spells.
Your spell library was empty.

Dungeon Overview and Level Annotations

Branches:
Dungeon (2/15)

Shops:
D:3 *

Annotations:
D:3 Sigmund


Innate Abilities, Weirdness & Mutations

Your attributes grow dramatically as you level up.
You have an increased reservoir of magic. (+10% MP)
You shall have no god before yourself.


Message History

The quokka misses you. Sigmund barely misses you.
You hit the quokka.
The quokka is almost dead.
The quokka twitches its whiskers.
The quokka bites you but does no damage.
Sigmund hits you from afar with a +2 scythe of flaming.
Sigmund burns you.
You hit the quokka.
You kill the quokka!
Sigmund misses you.
Things that are here:
a quokka corpse; a hobgoblin corpse You hit Sigmund.
Sigmund is lightly wounded.
Sigmund barely misses you.
You hit Sigmund.
Sigmund is moderately wounded.
Sigmund hits you with a +2 scythe of flaming.
* * * LOW HITPOINT WARNING * * *
Sigmund burns you.
* * * LOW HITPOINT WARNING * * *
You closely miss Sigmund.
Sigmund is moderately wounded.
Sigmund barely misses you.
You hit Sigmund.
Sigmund is heavily wounded.
Sigmund completely misses you.
You closely miss Sigmund.
Sigmund is heavily wounded.
Sigmund closely misses you.
You hit Sigmund.
Sigmund is heavily wounded.
Sigmund hits you with a +2 scythe of flaming.
* * * LOW HITPOINT WARNING * * *
Sigmund burns you.
* * * LOW HITPOINT WARNING * * *
You hit Sigmund.
Sigmund is heavily wounded.
Sigmund hits you with a +2 scythe of flaming.
You die...

###### #..... #.....
#..... #.....
######.....##########
.....#.....'...@@...#
.....#.....########.#
.....#.....####.....#
.....#..........#######
.....#......##........#
.....+...>..##.######.#
#....#......##......#
#####.........#####.#
#.#..#..#.#


You could see Sigmund.

Vanquished Creatures
  An adder (D:2)
  A dart slug (D:1)
  6 endoplasms (D:1)
  A giant cockroach (D:2)
  A goblin (D:1)
  4 hobgoblins
  3 jackals (D:1)
  A kobold (D:1)
  2 quokkas
  5 ball pythons
  3 bats
  2 frilled lizards (D:2)
  2 rats (D:1)
32 creatures vanquished.

Notes
Turn   | Place    | Note
-------+----------+-------------------------------------------
     0 | D:1      | DasRunzen the Demigod Gladiator began the quest for the
                  | Orb.
     0 | D:1      | Reached XP level 1. HP: 17/17 MP: 3/3
   236 | D:1      | Reached XP level 2. HP: 19/24 MP: 4/4
   987 | D:2      | Reached skill level 1 in Armour
  1027 | D:2      | Reached skill level 3 in Dodging
  1027 | D:2      | Reached XP level 3. HP: 19/29 MP: 6/6
  1317 | D:2      | You fall into a shaft and drop 1 floor!
  1323 | D:3      | Found Zin's Purification Station.
  1403 | D:3      | Noticed Sigmund
  1427 | D:3      | HP: 1/29 [Sigmund/+2 scythe of flaming (1)]
  1428 | D:3      | Slain by Sigmund

Illustrated notes

Levels and vault maps discovered:
D:1:      amcnicky_arrival_feature_with_door, layout_basic
D:2:      layout_basic, grunt_decor_one_mirror
D:3:      layout_basic, zin_purify, serial_shops, shop, serial_bayou_crossing,
          uniq_sigmund

Skill      XL: |  1  2 |
---------------+-------+-----
Fighting       | 2 |  2.2
Armour         | 1 |  1.0
Dodging        | 3 |  3.0
Long Blades    | |  2.7
Maces & Flails | |  0.9
Throwing       | |  1.7
Spellcasting   | |  0.9

Action                   || total
-------------------------++-------
Melee: Mace              ||    81
       Long sword        ||     2
  Use: Scroll            ||     2
       Potion            ||     2
 Stab: Sleeping          ||     1
Armor: Leather armour    ||    44
Dodge: Dodged            ||    76
       Rpst.: Long sword ||     1

Table legend: (Time is in decaauts)
 A = Elapsed time spent in this place.
 B = Non-inter-level travel time spent in this place.
 C = Inter-level travel time spent in this place.
 D = Time resting spent in this place.
 E = Time spent auto-exploring this place.
 F = Levels seen in this place.
 G = Mean time per level.
                   A        B        C        D        E       F      G
               +--------+--------+--------+--------+--------+-----+--------+
         Total |   1450 |   1424 |     26 |      0 |   1202 |   3 |  483.3 |
       Dungeon |   1450 |   1424 |     26 |      0 |   1202 |   3 |  483.3 |
               +--------+--------+--------+--------+--------+-----+--------+

Top non-repeatable levels by time:
     D:1: 976 daAuts
     D:2: 364 daAuts
     D:3: 110 daAuts
